 Dungeon Crawl Stone Soup version 0.31-a0-507-gbafd7f5274 (webtiles) character file.

Game seed: 16706761927793943365

207 RepHenryClay the Slasher (level 5, -1/42 HPs)
             Began as a Barachi Fighter on Aug 10, 2023.
             Slain by a gnoll
             ... wielding a +0 club
              (5 damage)
             ... on level 3 of the Dungeon.
             The game lasted 00:04:18 (2511 turns).

RepHenryClay the Slasher (Barachi Fighter)          Turns: 2511, Time: 00:04:18

Health: -1/42      AC:  7    Str: 16 (17) XL:     5   Next: 85%
Magic:  0/5        EV:  9    Int:  9      God:
Gold:   23         SH:  5    Dex: 13      Spells: 4/4 levels left

rFire   . . .        a - +0 long sword
rCold   . . .        c - +0 buckler
rNeg    . . .        b - +0 scale mail
rPois   .            (no helmet)
rElec   .            (no cloak)
rCorr   .            (no gloves)
SInv    .            (no boots)
Will    .....        m - amulet of guardian spirit Stlth
                     (no ring)
HPRegen 0.27/turn    (no ring)
MPRegen 0.09/turn

%: guardian spirit
@: mighty, slow
A: amphibious, slowness 1, strong legs 1, +LOS, deterioration 1
a: Hop


You were on level 3 of the Dungeon.
You visited 1 branch of the dungeon, and saw 4 of its levels.

You collected 88 gold pieces.
You spent 65 gold pieces at shops.

Inventory:

Hand Weapons
 a - a +0 long sword (weapon)
Armour
 b - a +0 scale mail (worn)
 c - a +0 buckler (worn)
 g - a +0 plate armour
Jewellery
 m - an amulet of guardian spirit (around neck)
Scrolls
 e - a scroll of enchant armour {unknown}
 h - a scroll of revelation {unknown}
 i - a scroll of vulnerability {unknown}
 j - a scroll of noise {unknown}
 o - a scroll of teleportation
 p - a scroll of fear {unknown}
 q - 2 scrolls of identify {@r1}
 t - a scroll of blinking {unknown}
Potions
 d - a potion of might
 f - a potion of mutation
 k - 2 potions of curing
 l - 2 potions of brilliance
 n - a potion of invisibility {unknown}
 r - a potion of haste {unknown}
 s - 2 potions of degeneration {unknown}


   Skills:
 - Level 3.6 Fighting
 * Level 5.2 Long Blades
 + Level 4.9 Armour
 + Level 4.4 Shields


You had 4 spell levels left.
You didn't know any spells.
Your spell library contained the following spells:

 Spells                   Type           Power      Damage    Failure   Level
 Lesser Beckoning         Tloc           0%         N/A       95%         2
 Frozen Ramparts          Ice            0%         1d1       99%         3
 Gell's Gravitas          Tloc           0%         N/A       99%         3
 Teleport Other           Tloc           0%         N/A       99%         3
 Petrify                  Tmut/Erth      0%         N/A       100%        4
 Metabolic Englaciation   Hex/Ice        0%         N/A       100%        5


Dungeon Overview and Level Annotations

Branches:
Dungeon (4/15)
 Temple: D:4-7

Altars:
Elyvilon
Kikubaaqudgha
Uskayaw
Yredelemnul

Shops:
D:2 :?!?:


Innate Abilities, Weirdness & Mutations

You are amphibious.
You cover ground slowly.
You can hop short distances.
You have an extended range of vision and can be seen from far away.
Your body sometimes deteriorates upon taking damage.


Message History

Damage: -7%(-3hp) hp: 34%(14hp) Unknown command.
Unknown command.
You miss the adder.
You feel sick. The adder barely misses you.
The gnoll hits you but does no damage. The gnoll hits you with a +0 club.
* * * LOW HITPOINT WARNING * * *
You block the adder's attack.
Huge Dmg: -10%(-4hp) hp: 24%(10hp)
You slash the gnoll!
You kill the gnoll!
You feel sick. You block the gnoll's attack. You block the adder's attack.
Damage: -2%(-1hp) hp: 22%(9hp)
You hit the adder.
The adder is heavily wounded.
You feel sick. The adder bites you but does no damage.
The gnoll barely misses you. The adder bites you but does no damage.
Damage: -2%(-1hp) hp: 20%(8hp)
You hit the adder.
The adder is severely wounded.
You feel sick.
You are no longer poisoned.
The gnoll closely misses you. The adder barely misses you.
You block the gnoll's attack.
You closely miss the adder.
The adder is severely wounded.
The adder bites you.
* * * LOW HITPOINT WARNING * * *
You block the adder's attack. You block the gnoll's attack.
Damage: -3%(-1hp) hp: 17%(7hp) Unknown command.
You miss the adder.
The adder is severely wounded.
You block the adder's attack. The gnoll hits you with a +0 club.
You hit the adder.
You kill the adder!
The gnoll hits you with a +0 club.
* * * LOW HITPOINT WARNING * * *
Huge Dmg: -7%(-3hp) hp: 10%(4hp)
You barely miss the gnoll. The gnoll hits you with a +0 club.
You die...

######### #########
###.......####
.......>###............#
#######.....#..8.....8.#
#.######.........# #)#
#...).....# #.#
#...@†....# #.#
#..g......#
##.######.........#
######.........8...).8.#
........######..(......#
#######...# #.#.###...#
###.# #.......### #.#
#.####### #.# #.#


You could see a gnoll.

Vanquished Creatures
  Blork the orc (D:4)
  An orc wizard (D:3)
  2 gnolls
  4 adders
  9 orcs (D:3)
  8 endoplasms
  2 giant cockroaches (D:1)
  5 hobgoblins
  7 kobolds
  A quokka (D:3)
  A ball python (D:1)
  4 bats
  2 frilled lizards
  2 goblins
  8 rats
57 creatures vanquished.

Notes
Turn   | Place    | Note
-------+----------+-------------------------------------------
     0 | D:1      | RepHenryClay the Barachi Fighter began the quest for the
                  | Orb.
     0 | D:1      | Reached XP level 1. HP: 18/18 MP: 1/1
   328 | D:1      | Reached XP level 2. HP: 25/25 MP: 2/2
   386 | D:1      | Found a faded altar of an unknown god.
   432 | D:1      | Reached skill level 3 in Long Blades
  1202 | D:2      | Reached XP level 3. HP: 30/30 MP: 3/3
  1258 | D:2      | Found an ancient bone altar of Kikubaaqudgha.
  1368 | D:2      | Found Totan's Magic Scroll Emporium.
  1371 | D:2      | Bought a scroll of teleportation for 39 gold pieces
  1371 | D:2      | Bought a scroll of identify for 26 gold pieces
  1436 | D:2      | Found Onwakhl Tiqo's Book Emporium.
  1619 | D:2      | Found Ifois's Distillery.
  1662 | D:2      | Found Ocewn's Book Boutique.
  1751 | D:2      | Found Zezot's Magic Scroll Shoppe.
  1802 | D:3      | Reached skill level 4 in Long Blades
  1802 | D:3      | Reached XP level 4. HP: 29/37 MP: 4/4
  2014 | D:3      | Gained mutation: You are vulnerable to cold. (rC-) [potion
                  | of mutation]
  2014 | D:3      | Gained mutation: Your body sometimes deteriorates upon
                  | taking damage. [potion of mutation]
  2014 | D:3      | Gained mutation: You have a beak for a mouth. [potion of
                  | mutation]
  2031 | D:3      | Lost mutation: You have a beak for a mouth. [potion of
                  | mutation]
  2031 | D:3      | Lost mutation: Your body sometimes deteriorates upon taking
                  | damage. [potion of mutation]
  2031 | D:3      | Gained mutation: You occasionally shout uncontrollably at
                  | your foes. [potion of mutation]
  2031 | D:3      | Gained mutation: Your body sometimes deteriorates upon
                  | taking damage. [potion of mutation]
  2032 | D:3      | Lost mutation: Your body sometimes deteriorates upon taking
                  | damage. [potion of mutation]
  2032 | D:3      | Lost mutation: You are vulnerable to cold. (rC-) [potion of
                  | mutation]
  2032 | D:3      | Lost mutation: You occasionally shout uncontrollably at
                  | your foes. [potion of mutation]
  2032 | D:3      | Gained mutation: Your body sometimes deteriorates upon
                  | taking damage. [potion of mutation]
  2138 | D:3      | Found an ancient bone altar of Kikubaaqudgha.
  2139 | D:3      | Found a white marble altar of Elyvilon.
  2141 | D:3      | Found a basalt altar of Yredelemnul.
  2331 | D:3      | Found a hide-covered altar of Uskayaw.
  2492 | D:4      | Noticed Blork the orc
  2495 | D:4      | Killed Blork the orc
  2496 | D:4      | Reached skill level 5 in Long Blades
  2496 | D:4      | Reached XP level 5. HP: 36/42 MP: 3/5
  2511 | D:3      | Slain by a gnoll

Illustrated notes

Levels and vault maps discovered:
D:1:      kilobyte_arrival_exit_the_forest, layout_loops_ring,
          shapermc_ecumenical_altar_starsandcircs, serial_forest,
          infiniplex_forest_lined_corner, infiniplex_forest_clump_diagonal,
          infiniplex_forest_end_2, infiniplex_forest_straight_2,
          infiniplex_forest_corner_1, infiniplex_forest_lined_room_2,
          infiniplex_forest_end_1, infiniplex_forest_lined_room_2,
          infiniplex_forest_lined_4_way, infiniplex_forest_clump_double
D:2:      layout_basic, basic_altar, serial_shops, shop, nicolae_shop_rolled_up,
          nicolae_shop_tiny_statue_garden, shop, shop
D:3:      layout_loops_ring, nicolae_overflow_macrodata_refinement, st_stairs_1
D:4:      layout_loops_cross, gammafunk_temple_overflow_forgotten,
          chequers_ossuary_entry_cave, dreamdust_gnoll_farm, uniq_blork_the_orc

Skill      XL: |  1  2  3  4 |
---------------+-------------+-----
Long Blades    | 3 4 5 |  5.2
Armour         | 4 |  4.9
Shields        | 4 |  4.4
Fighting       | |  3.6

Action                     |  1- 3 |  4- 6 || total
---------------------------+-------+-------++-------
  Melee: Long sword        |   126 |    81 ||   207
    Use: Scroll            |     1 |       ||     1
         Potion            |       |     6 ||     6
 Armour: Scale mail        |    49 |    43 ||    92
  Dodge: Dodged            |    58 |    30 ||    88
  Block: Buckler           |    41 |    28 ||    69

Table legend: (Time is in decaauts)
 A = Elapsed time spent in this place.
 B = Non-inter-level travel time spent in this place.
 C = Inter-level travel time spent in this place.
 D = Time resting spent in this place.
 E = Time spent auto-exploring this place.
 F = Levels seen in this place.
 G = Mean time per level.
                   A        B        C        D        E       F      G
               +--------+--------+--------+--------+--------+-----+--------+
         Total |   2937 |   2825 |    112 |      0 |   2323 |   4 |  734.2 |
       Dungeon |   2937 |   2825 |    112 |      0 |   2323 |   4 |  734.2 |
               +--------+--------+--------+--------+--------+-----+--------+

Top non-repeatable levels by time:
     D:1: 1389 daAuts
     D:3: 855 daAuts
     D:2: 680 daAuts
     D:4: 12 daAuts
